 Dungeon Crawl Stone Soup version 0.24-a0-521-g122614bf49 (webtiles) character file.

Game seed: 11537168504495199135

57921 DasRunzen the Victor of a Thousand Battles (level 14, -1/114 HPs)
             Began as a Demonspawn Fighter on July 30, 2019.
             Was the Champion of Okawaru.
             Killed from afar by an ice dragon (49 damage)
             ... with a blast of cold
             ... in an ice cave.
             The game lasted 00:40:36 (18128 turns).

DasRunzen the Victor of a Thousand Battles (DsFi)  Turns: 18128, Time: 00:40:39

Health: -1/114     AC: 37    Str: 25    XL:     14   Next: 47%
Magic:  22/23      EV:  9    Int: 10    God:    Okawaru [******]
Gold:   1702       SH: 15    Dex: 19    Spells: 13/13 levels left

rFire    . . .     SeeInvis .   b - +10 demon whip of Baitoic {flame, rN+}
rCold    . . .     Gourm    .   c - +0 shield
rNeg     + . .     Faith    +   K - +1 crystal plate armour of Moyptan {MR+ Str+4}
rPois    .         Spirit   .   M - +2 hat
rElec    .         Reflect  .   G - scarf {cloud immunity}
rCorr    .         Harm     .   y - +2 pair of gloves {Dex+3}
MR       ++...                  D - +0 pair of boots
Stlth    ..........             u - amulet of faith
HPRegen  2.29/turn              E - +2 ring of protection
MPRegen  0.18/turn              j - +3 ring of dexterity

@: heroism
A: talons 2, molten scales 2, foul stench 2, powered by death 2, rot immunity
a: Heroism, Finesse, Renounce Religion


You were in an ice cave.
You worshipped Okawaru.
Okawaru was exalted by your worship.
You were not hungry.

You visited 4 branches of the dungeon, and saw 21 of its levels.
You also visited: Ossuary, Gauntlet and Ice Cave.

You collected 1702 gold pieces.

Inventory:

Hand Weapons
 b - the +10 demon whip of Baitoic (weapon) {flame, rN+}
   (You acquired it on level 10 of the Dungeon)

   It has been specially enchanted to burn those struck by it, causing extra
   injury to most foes and up to half again as much damage against particularly
   susceptible opponents.
   It protects you from negative energy.
 e - the +11 shortbow "Guuw" {velocity, Dex+5}
   (You found it on level 5 of the Lair of Beasts)

   Any arrow fired from it inflicts extra damage.
   It affects your dexterity (+5).
 P - the +10 broad axe of Valuable Assets {elec, rF+ MP+9 Dex+4}
   (Okawaru gifted it to you on level 6 of the Lair of Beasts)

   Occasionally, upon striking a foe, it will discharge some electrical energy
   and cause terrible harm.
   It affects your dexterity (+4).
   It protects you from fire.
   It affects your magic capacity (+9).
Missiles
 Q - 50 arrows
Armour
 c - a +0 shield (worn)
 q - the +0 pair of gloves of Parlour Games {rCorr Int+4}
   (Okawaru gifted it to you on level 1 of the Lair of Beasts)

   It affects your intelligence (+4).
   It provides partial protection from all sources of acid and corrosion.
 y - a +2 pair of gloves of dexterity (worn)
 A - a +2 cloak
 D - a +0 pair of boots (worn)
 G - a scarf of cloud immunity (worn)
 K - the +1 crystal plate armour of Moyptan (worn) {MR+ Str+4}
   (Okawaru gifted it to you in a Gauntlet)

   It affects your strength (+4).
   It affects your resistance to hostile enchantments.
 M - a +2 hat (worn)
Jewellery
 j - a +3 ring of dexterity (right hand)
 u - an amulet of faith (around neck)
 x - a cursed -3 ring of evasion {unknown}
 E - a +2 ring of protection (left hand)
 F - an uncursed ring of protection from cold
 N - a +2 ring of intelligence {unknown}
 O - an uncursed ring of flight {unknown}
Wands
 n - a wand of scattershot (6)
 r - a wand of acid (19)
 B - a wand of polymorph (23)
 I - a wand of iceblast (18)
 J - a wand of flame (33)
 T - a wand of random effects (25)
Scrolls
 g - 14 scrolls of remove curse
 h - 9 scrolls of blinking
 l - 3 scrolls of magic mapping
 p - 2 scrolls of enchant weapon
 s - 7 scrolls of teleportation
 z - 6 scrolls of identify
 H - 2 scrolls of amnesia
 L - 3 scrolls of fear
 R - a scroll of fog
 S - a scroll of silence
Potions
 a - 2 potions of berserk rage
 d - 2 potions of might
 i - 4 potions of brilliance
 k - 4 potions of magic
 m - 4 potions of invisibility
 o - 3 potions of haste
 t - 3 potions of heal wounds
 v - 2 potions of flight
 w - a potion of mutation
 C - 7 potions of curing
Comestibles
 f - 37 rations


   Skills:
 + Level 11.7(16.7) Fighting
 + Level 7.9(15.2) Axes
 + Level 10.1(16.2) Maces & Flails
 + Level 10.9(15.9) Armour
 + Level 10.9(15.9) Shields
 + Level 12.4 Invocations


You had 13 spell levels left.
You didn't know any spells.
Your spell library contained the following spells:

 Spells                   Type           Power        Failure   Level  Hunger
 Corona                   Hex            #......      100%        1    ##.....
 Freeze                   Ice            #...         100%        1    ##.....
 Magic Dart               Conj           #...         100%        1    ##.....
 Ensorcelled Hibernation  Hex/Ice        #.....       100%        2    ###....
 Searing Ray              Conj           #.....       100%        2    ###....
 Throw Flame              Conj/Fire      #.....       100%        2    ###....
 Throw Frost              Conj/Ice       #.....       100%        2    ###....
 Confuse                  Hex            #.......     100%        3    ####...
 Conjure Flame            Conj/Fire      #.......     100%        3    ####...
 Dazzling Spray           Conj/Hex       #.....       100%        3    ####...
 Ozocubu's Armour         Chrm/Ice       #.......     100%        3    ####...
 Portal Projectile        Hex/Tloc       #.....       100%        3    ####...
 Tukima's Dance           Hex            #.......     100%        3    ####...
 Force Lance              Conj/Tloc      #.......     100%        4    #####..
 Fulminant Prism          Conj/Hex       #.........   100%        4    #####..
 Iskenderun's Mystic Bla  Conj           #.......     100%        4    #####..
 Passage of Golubria      Tloc           N/A          100%        4    #####..
 Sticky Flame             Conj/Fire      #.......     100%        4    #####..
 Summon Ice Beast         Ice/Summ       #.......     100%        4    #####..
 Throw Icicle             Conj/Ice       #.......     100%        4    #####..


Dungeon Overview and Level Annotations

Branches:
Dungeon (12/15)            Temple (1/1) D:6            Lair (6/6) D:11
  Swamp (0/4) Lair:4        Snake (0/4) Lair:3        Slime (0/5) Lair:6
    Orc (2/2) D:12            Elf (0/3) Orc:2

Altars:
Ashenzari
Cheibriados
Dithmenos
Elyvilon
Fedhas
Gozag
Hepliaklqana
Kikubaaqudgha
Makhleb
Nemelex Xobeh
Okawaru
Qazlal
Ru
Sif Muna
Trog
Uskayaw
Vehumet
Wu Jian
Xom
Yredelemnul
Zin
The Shining One
Beogh
Jiyva

Shops:
D:10 =   D:11 *

Annotations:
Lair:2 exclusion: 2 oklob plants
Lair:3 1 runed translucent door, GordonOverkill's ghost, journeyman DgFE


Innate Abilities, Weirdness & Mutations

You have razor-sharp toenails.
You are mostly covered in molten scales. (AC +3)
You frequently emit foul miasma when damaged in melee.
You regenerate health from kills.
You are immune to rotting.


Message History

You block the ice dragon's attack.
The ice dragon bites you but does no damage.
You block the ice dragon's attack. The ice dragon barely misses you.
You whack the ice dragon! You burn the ice dragon.
The ice dragon is almost dead.
You hit the ice dragon but do no damage.
The ice dragon is almost dead.
The ice dragon bites you but does no damage.
The ice dragon claws you but does no damage.
The ice dragon looks sick.
The ice dragon barely misses you.
You block the ice dragon's attack. x2; The ice dragon misses you.
You hit the ice dragon but do no damage.
The ice dragon is almost dead.
You whack the ice dragon! You burn the ice dragon.
You kill the ice dragon!
Okawaru is honoured by your kill.
The ice dragon scales are intact enough to wear.
The ice dragon breathes frost at you. The blast of cold hits you!!!
You die...

#≈≈≈≈≈≈ ##....#
#.#≈###### ###
##..####
#..##$$$$$
##.###..##
"=$..$$ #....#.##
=$....$ #.##...#
$......
###..#####
#......###.##...#
#...D.#......##
#[@....####
########


You could see an ice dragon.

Vanquished Creatures
  A minotaur (Gauntlet)
  2 ettins (D:12)
  An ice dragon (IceCv)
  4 hydras
  2 centaur warriors (D:12)
  A catoblepas (Gauntlet)
  A two-headed ogre (D:10)
  A tengu warrior (D:12)
  Nergalle (D:10)
  The ghost of anet the Thaumaturge, a novice DEWz of Ashenzari (Lair:1)
  An unseen horror (D:10)
  A wizard (D:12)
  A necromancer (Gauntlet)
  An orc knight (Orc:1)
  An ugly thing (D:12)
  An oklob plant (Lair:6)
  A cyclops (D:11)
  A manticore (D:12)
  A molten gargoyle (Gauntlet)
  5 elephants (Lair:4)
  A torpor snail (Lair:5)
  A smoke demon (Gauntlet)
  4 black mambas
  10 spiny frogs
  2 ice statues (IceCv)
  A gargoyle (Gauntlet)
  5 komodo dragons
  4 rime drakes
  An efreet (D:12)
  A tengu conjurer (D:12)
  4 trolls
  A meliai (D:12)
  Grinder (D:4)
  10 polar bears
  6 hornets (Lair:6)
  3 slime creatures (D:12)
  17 blink frogs
  6 hippogriffs
  2 bog bodies (Lair:4)
  13 spriggans (Lair:6)
  24 yaks
  A tarantella (shapeshifter) (D:12)
  4 wyverns
  A wraith (D:12)
  A spriggan (shapeshifter) (D:12)
  Sigmund (D:2)
  2 wargs (Orc:1)
  Grum (D:10)
  A steam dragon (D:11)
  A soldier ant (D:12)
  13 water moccasins
  9 porcupines
  4 black bears
  11 orc warriors
  An eye of draining (D:12)
  28 ice beasts
  A phantom (D:12)
  43 wolves
  2 necrophages
  3 boggarts (Lair:6)
  4 centaurs
  6 ogres
  18 crocodiles
  3 big kobolds
  14 bullfrogs
  An elf zombie (Ossuary)
  A wyvern skeleton (D:7)
  5 scorpions
  5 wights (D:11)
  6 killer bees (D:11)
  An electric eel (Lair:2)
  8 crimson imps
  A howler monkey (D:10)
  4 centaur zombies (Ossuary)
  5 jellies
  3 quasits
  Crazy Yiuf (D:2)
  4 bullfrog skeletons
  13 orc priests
  11 hounds
  Jessica (D:2)
  4 hell rats (Lair:6)
  8 iguanas
  15 orc wizards
  10 worker ants
  A hound zombie (Ossuary)
  3 mummies (Ossuary)
  17 adders
  4 gnolls (D:8)
  A shadow imp (D:12)
  3 oozes
  6 adder zombies
  2 adder skeletons
  5 leopard geckos
  37 orcs
  8 bats
  6 giant cockroaches
  A gnoll zombie (Ossuary)
  8 goblins
  8 hobgoblins
  12 jackals
  18 kobolds
  9 quokkas
  5 frilled lizards
  A goblin zombie (Ossuary)
  4 hobgoblin zombies (Ossuary)
  6 jackal zombies (Ossuary)
  3 kobold zombies (Ossuary)
  A leopard gecko zombie (D:8)
  3 orc zombies (Ossuary)
  A quokka skeleton (D:4)
  2 quokka zombies
  7 rats
  3 rat zombies (Ossuary)
611 creatures vanquished.

Vanquished Creatures (others)
  11 fungi
  15 plants
  2 withered plants (Lair:3)
28 creatures vanquished.

Grand Total: 639 creatures vanquished

Notes
Turn   | Place    | Note
-------+----------+-------------------------------------------
     0 | D:1      | DasRunzen the Demonspawn Fighter began the quest for the
                  | Orb.
     0 | D:1      | Reached XP level 1. HP: 18/18 MP: 1/1
    50 | D:1      | Gained mutation: You are partially covered in molten
                  | scales. (AC +2) [demonic ancestry]
    50 | D:1      | Reached XP level 2. HP: 24/24 MP: 2/2
   243 | D:1      | Reached XP level 3. HP: 24/29 MP: 3/3
   688 | D:2      | Noticed Sigmund
   694 | D:2      | Killed Sigmund
   694 | D:2      | Gained mutation: You are mostly covered in molten scales.
                  | (AC +3) [demonic ancestry]
   694 | D:2      | Reached XP level 4. HP: 25/37 MP: 4/4
   694 | D:2      | Gained mutation: You are immune to rotting. [demonic
                  | ancestry]
   694 | D:2      | Reached XP level 5. HP: 29/42 MP: 5/5
   756 | D:2      | Found a runed translucent door.
   757 | D:2      | Noticed Crazy Yiuf
   949 | D:2      | Noticed Jessica
   962 | D:2      | Killed Jessica
  1188 | D:2      | Killed Crazy Yiuf
  1188 | D:2      | Gained mutation: You have sharp toenails. [demonic
                  | ancestry]
  1188 | D:2      | Reached XP level 6. HP: 20/48 MP: 4/6
  1672 | D:3      | Found a snail-covered altar of Cheibriados.
  1731 | D:3      | Noticed an ice beast
  1743 | D:3      | Killed an ice beast
  1863 | D:3      | Reached skill level 1 in Maces & Flails
  1939 | D:3      | Found a shattered altar of Ashenzari.
  1945 | D:3      | Saw a vision of the Swamp and the Snake Pit.
  1945 | D:3      | Noticed a salamander
  1945 | D:3      | Noticed a naga
  1945 | D:3      | Noticed a naga ritualist
  1945 | D:3      | Noticed a black mamba
  1945 | D:3      | Noticed a water moccasin
  1945 | D:3      | Noticed an alligator
  1945 | D:3      | Noticed an alligator
  1945 | D:3      | Noticed an alligator
  1945 | D:3      | Noticed an alligator
  1945 | D:3      | Noticed a naga warrior
  2272 | D:4      | Gained mutation: You have razor-sharp toenails. [demonic
                  | ancestry]
  2272 | D:4      | Reached XP level 7. HP: 39/55 MP: 7/7
  2290 | D:4      | Found a sand-covered staircase.
  2318 | Ossuary  | Entered an ossuary
  2494 | Ossuary  | Reached skill level 5 in Fighting
  2787 | D:4      | Noticed Grinder
  2804 | D:4      | Killed Grinder
  2804 | D:4      | Reached skill level 5 in Shields
  2804 | D:4      | Reached XP level 8. HP: 50/62 MP: 8/8
  3143 | D:5      | Entered Level 5 of the Dungeon
  3202 | D:5      | Reached skill level 5 in Armour
  4047 | D:6      | Reached skill level 5 in Axes
  4547 | D:6      | Gained mutation: You regenerate a little health from kills.
                  | [demonic ancestry]
  4547 | D:6      | Reached XP level 9. HP: 69/69 MP: 9/9
  4672 | D:6      | Found a staircase to the Ecumenical Temple.
  4694 | Temple   | Entered the Ecumenical Temple
  4754 | Temple   | Became a worshipper of Warmaster Okawaru
  5294 | D:6      | Found a radiant altar of Vehumet.
  5296 | D:6      | Found a sacrificial altar of Ru.
  5304 | D:6      | Found a white marble altar of Elyvilon.
  5306 | D:6      | Found an ornate altar of the Wu Jian Council.
  6194 | D:7      | Reached * piety under Okawaru
  6459 | D:8      | Reached skill level 1 in Invocations
  6633 | D:8      | Reached skill level 2 in Invocations
  7470 | D:9      | Reached ** piety under Okawaru
  7470 | D:9      | Reached skill level 5 in Maces & Flails
  7470 | D:9      | Gained mutation: You may emit foul miasma when damaged in
                  | melee. [demonic ancestry]
  7470 | D:9      | Reached XP level 10. HP: 77/79 MP: 10/12
  7521 | D:9      | HP: 1/79 [orc warrior/+2 scimitar of protection (18)]
  7787 | D:9      | Reached skill level 3 in Invocations
  8541 | D:10     | Entered Level 10 of the Dungeon
  8579 | D:10     | Reached skill level 4 in Invocations
  8591 | D:10     | Killed an unseen horror
  8703 | D:10     | Noticed a two-headed ogre
  8716 | D:10     | Killed a two-headed ogre
  8716 | D:10     | Reached *** piety under Okawaru
  8726 | D:10     | Found Hioxituts's Jewellery Boutique.
  8921 | D:10     | Noticed Nergalle
  8957 | D:10     | Noticed a spectral orc warlord
  8963 | D:10     | Killed Nergalle
  8963 | D:10     | Reached **** piety under Okawaru
  8963 | D:10     | Reached skill level 5 in Invocations
  9592 | D:10     | Noticed Grum
  9672 | D:10     | Killed Grum
  9672 | D:10     | Gained mutation: You frequently emit foul miasma when
                  | damaged in melee. [demonic ancestry]
  9672 | D:10     | Reached XP level 11. HP: 28/86 MP: 15/15
 10014 | D:10     | Identified a scroll of acquirement
 10017 | D:10     | Got a pitted demon whip
 10018 | D:10     | Identified the +10 demon whip of Baitoic {flame, rN+} (You
                  | acquired it on level 10 of the Dungeon)
 10088 | D:11     | Noticed a six-headed hydra
 10097 | D:11     | Killed a six-headed hydra
 10097 | D:11     | Reached ***** piety under Okawaru
 10097 | D:11     | Reached skill level 6 in Invocations
 10157 | D:11     | Found Bara's Serpentskin Sales.
 10392 | D:11     | Found a gate leading to a gauntlet.
 10468 | Gauntlet | Entered a Gauntlet
 10468 | Gauntlet | Found a transporter.
 10468 | Gauntlet | Found a transporter.
 10468 | Gauntlet | Found a transporter.
 10472 | Gauntlet | Found a transporter.
 10472 | Gauntlet | Found a transporter.
 10481 | Gauntlet | Noticed a catoblepas
 10482 | Gauntlet | Found a transporter.
 10486 | Gauntlet | Found a transporter.
 10491 | Gauntlet | Noticed a death yak
 10491 | Gauntlet | Noticed a death yak
 10493 | Gauntlet | Noticed a death yak
 10493 | Gauntlet | Noticed a death yak
 10493 | Gauntlet | Noticed a death yak
 10494 | Gauntlet | Noticed a death yak
 10494 | Gauntlet | Noticed a necromancer
 10496 | Gauntlet | Found a transporter.
 10501 | Gauntlet | Found a transporter.
 10503 | Gauntlet | Noticed a catoblepas
 10520 | Gauntlet | Found a transporter.
 10524 | Gauntlet | Found a transporter.
 10525 | Gauntlet | Noticed a necromancer
 10538 | Gauntlet | Found a transporter.
 10696 | Gauntlet | Received a gift from Okawaru
 10814 | Gauntlet | Killed a necromancer
 11004 | Gauntlet | Killed a catoblepas
 11004 | Gauntlet | Received a gift from Okawaru
 11004 | Gauntlet | Reached skill level 7 in Invocations
 11011 | Gauntlet | Got a crude crystal plate armour {god gift}
 11022 | Gauntlet | Identified the +1 crystal plate armour of Moyptan {MR+
                  | Str+4} (Okawaru gifted it to you in a Gauntlet)
 11068 | Gauntlet | Noticed a minotaur
 11078 | Gauntlet | Killed a minotaur
 11639 | D:11     | Found a staircase to the Lair.
 11779 | Lair:1   | Entered Level 1 of the Lair of Beasts
 11856 | Lair:1   | Reached skill level 8 in Invocations
 11873 | Lair:1   | Gained mutation: You regenerate health from kills. [demonic
                  | ancestry]
 11873 | Lair:1   | Reached XP level 12. HP: 66/95 MP: 18/18
 11947 | Lair:1   | Found a runed translucent door.
 11954 | Lair:1   | Received a gift from Okawaru
 11957 | Lair:1   | Got a pair of scorched gloves {god gift}
 11968 | Lair:1   | Identified the +0 pair of gloves of Parlour Games {rCorr
                  | Int+4} (Okawaru gifted it to you on level 1 of the Lair of
                  | Beasts)
 12404 | Lair:1   | Found a hazy altar of Hepliaklqana.
 12713 | Lair:1   | Noticed anet's ghost (novice DEWz)
 12726 | Lair:1   | Killed anet's ghost
 12935 | Lair:2   | Reached skill level 9 in Invocations
 12977 | Lair:2   | Reached ****** piety under Okawaru
 13269 | Lair:2   | Reached skill level 10 in Fighting
 13435 | Lair:3   | Found a staircase to the Snake Pit.
 13435 | Lair:3   | Found a runed translucent door.
 13436 | Lair:3   | Noticed GordonOverkill's ghost (journeyman DgFE)
 13537 | Lair:3   | Noticed a six-headed hydra
 13544 | Lair:3   | Killed a six-headed hydra
 13657 | Lair:3   | Reached skill level 10 in Invocations
 13736 | Lair:3   | Noticed an eight-headed hydra
 13745 | Lair:3   | Killed an eight-headed hydra
 13745 | Lair:3   | Received a gift from Okawaru
 13924 | Lair:4   | Found a staircase to the Swamp.
 13958 | Lair:4   | Reached XP level 13. HP: 70/104 MP: 20/20
 14948 | Lair:5   | Reached skill level 10 in Shields
 14977 | Lair:5   | Got a smoking shortbow
 15014 | Lair:5   | Identified the +11 shortbow "Guuw" {velocity, Dex+5} (You
                  | found it on level 5 of the Lair of Beasts)
 15488 | Lair:6   | Entered Level 6 of the Lair of Beasts
 15488 | Lair:6   | Found a stormy altar of Qazlal.
 15504 | Lair:6   | Found a viscous altar of Jiyva.
 15504 | Lair:6   | Found a staircase to the Slime Pits.
 15522 | Lair:6   | Received a gift from Okawaru
 15522 | Lair:6   | Reached skill level 10 in Armour
 15579 | Lair:6   | Reached skill level 11 in Invocations
 15732 | Lair:6   | Got a twisted mace
 15733 | Lair:6   | Identified the cursed +3 mace of Axzilich {speed, Int+7
                  | Stlth+} (You found it on level 6 of the Lair of Beasts)
 15795 | Lair:6   | Received a gift from Okawaru
 15807 | Lair:6   | Paralysed by a hornet for 3 turns
 15843 | Lair:6   | Got a translucent broad axe {god gift}
 15889 | Lair:6   | Paralysed by a hornet for 1 turns
 15963 | Lair:6   | Received a gift from Okawaru
 15976 | Lair:6   | Identified the +10 broad axe of Valuable Assets {elec, rF+
                  | MP+9 Dex+4} (Okawaru gifted it to you on level 6 of the
                  | Lair of Beasts)
 16977 | D:12     | Reached XP level 14. HP: 113/113 MP: 22/22
 17425 | D:12     | Received a gift from Okawaru
 17432 | D:12     | Reached skill level 12 in Invocations
 17458 | D:12     | Identified the Tome of the Traveller and Heat
 17553 | D:12     | Found a staircase to the Orcish Mines.
 17571 | D:12     | Reached skill level 10 in Maces & Flails
 17734 | Orc:1    | Entered Level 1 of the Orcish Mines
 17773 | Orc:2    | Entered Level 2 of the Orcish Mines
 17810 | Orc:2    | Found a staircase to the Elven Halls.
 17814 | Orc:2    | Found a roughly hewn altar of Beogh.
 17831 | Orc:1    | Found a frozen archway.
 17928 | IceCv    | Entered an ice cave
 17990 | IceCv    | Received a gift from Okawaru
 18128 | IceCv    | Killed from afar by an ice dragon

Levels and vault maps discovered:
D:1:      saegor_arrival_simple_d, layout_rooms
D:2:      layout_loops_ring, uniq_jessica, uniq_sigmund, uniq_crazy_yiuf_cottage
D:3:      layout_basic, cheibriados_altar_1, first_ration, hex_intersection,
          st_stairs_10, grunt_ashenzari_visionary
          [grunt_ashenzari_visionary_swamp, grunt_ashenzari_visionary_snake]
D:4:      layout_loops_ring, nicolae_ossuary_entry_ruins, uniq_grinder
D:5:      layout_loops_ring, eino_tiny_chamber
D:6:      layout_loops_ring, minitemple, temple_pool_b, serial_rivers,
          chequers_serial_rivers_room_a, chequers_serial_rivers_room_b,
          chequers_serial_rivers_large_a, chequers_serial_rivers_large_b,
          chequers_serial_rivers_micro_e, chequers_serial_rivers_room_a
D:7:      layout_gridville
D:8:      layout_gridville
D:9:      layout_loops_cross
D:10:     layout_roguey, serial_shops, shop, blue_anna_alchemist
          [blue_anna_fruit_fields, blue_anna_fruit_fields], uniq_grum,
          uniq_nergalle
D:11:     layout_long_grid, erik_lair_dragon, gauntlet_entry_generic,
          guppyfry_shop_venom
D:12:     minmay_two_paths, layout_gridville, kennysheep_generic_room_15
Temple:   minmay_crystal_spiral_temple
Lair:1:   layout_cave_pods, basic_altar, ebering_ghost_reflecting_pool,
          chequers_serial_rivers_room_a, cheibrodos_lair_lostbears
Lair:2:   layout_chaotic_city, serial_bayou_shore_b, infiniplex_staircase_pool,
          minmay_lair_oklob_chamber, grunt_megastairs_1
Lair:3:   layout_cave_shapes, dummy_snake_entry, gammafunk_ghost_grave,
          beast_lair_carwin_4
Lair:4:   layout_long_grid, skrybe_swamp_entry_bodies, grunt_megastairs_5
Lair:5:   layout_cave_pods, grunt_megastairs_3
Lair:6:   minmay_lair_end_enchanted_forest, layout_regular_city, slime_altar_1,
          lemuel_oklob_altar
Orc:1:    layout_diamond_mine, portal_ice_cave_entry_ice_beasts
Orc:2:    st_orc_mages, layout_caves, basic_altar, uniq_erolcha, uniq_urug,
          uniq_rupert, uniq_donald
IceCv:    ice_cave_small_dragons

Skill      XL: |  1  2  3  4  5  6  7  8  9 10 11 12 13 14 |
---------------+-------------------------------------------+-----
Axes           | 2 3 4 5 6 7 |  7.9
Shields        | 3 4 5 6 7 8 9 10 | 10.9
Armour         | 3 4 5 6 7 8 9 10 | 10.9
Fighting       | 4 5 6 7 8 9 10 11 | 11.7
Maces & Flails | 1 2 3 5 6 7 8 9 10 | 10.1
Invocations    | 2 5 8 10 11 12 | 12.4

Action                   |  1- 3 |  4- 6 |  7- 9 | 10-12 | 13-15 || total
-------------------------+-------+-------+-------+-------+-------++-------
Melee: War axe           |   126 |    21 |       |       |       ||   147
       Club              |       |   102 |   532 |   379 |       ||  1013
       Kick              |       |    19 |   136 |       |       ||   155
       Demon whip        |       |       |       |   474 |   709 ||  1183
Invok: Heroism           |       |       |       |     4 |     2 ||     6
       Finesse           |       |       |       |     1 |     1 ||     2
  Use: Scroll            |     3 |     7 |     4 |    11 |     5 ||    30
  Eat: Chunk             |       |     5 |    18 |    17 |    11 ||    51
       Ration            |       |       |       |     1 |     1 ||     2
Armor: Scale mail        |    68 |    42 |   272 |     7 |       ||   389
       Plate armour      |       |       |       |   422 |       ||   422
       Crystal plate arm |       |       |       |   278 |   364 ||   642
Dodge: Dodged            |    34 |    24 |   160 |   170 |    75 ||   463
Block: Shield            |    62 |    65 |   284 |   590 |   350 ||  1351

Table legend:
 A = Non-vault XP
 B = Vault XP
 C = Vault XP percentage of total XP
 D = Non-vault monster count
 E = Vault monster count
 F = Vault count percentage of total count
                 A         B        C        D         E       F
            +---------+---------+-------+---------+---------+-------
      Total |   48417 |   34328 |  41.5 |     437 |     174 |  28.5
            +---------+---------+-------+---------+---------+-------
        D:1 |      60 |       0 |   0.0 |      32 |       0 |   0.0
        D:2 |      53 |     287 |  84.4 |      10 |       3 |  23.1
        D:3 |     258 |       2 |   0.8 |      28 |       1 |   3.4
        D:4 |     285 |     304 |  51.6 |      12 |       1 |   7.7
        D:5 |     724 |       0 |   0.0 |      19 |       0 |   0.0
        D:6 |    1173 |       0 |   0.0 |      26 |       0 |   0.0
        D:7 |     730 |       0 |   0.0 |      16 |       0 |   0.0
        D:8 |     801 |       0 |   0.0 |      17 |       0 |   0.0
        D:9 |    2000 |       0 |   0.0 |      29 |       0 |   0.0
       D:10 |    2785 |    1412 |  33.6 |      32 |       6 |  15.8
       D:11 |    2953 |    1265 |  30.0 |      27 |      10 |  27.0
       D:12 |    3745 |    8038 |  68.2 |      33 |      15 |  31.2
     Lair:1 |    3150 |    2212 |  41.3 |      16 |       6 |  27.3
     Lair:2 |    5586 |     505 |   8.3 |      27 |       2 |   6.9
     Lair:3 |    4823 |     548 |  10.2 |      20 |       5 |  20.0
     Lair:4 |    5545 |     647 |  10.4 |      18 |       3 |  14.3
     Lair:5 |    3766 |     241 |   6.0 |      16 |       2 |  11.1
     Lair:6 |    7254 |    8610 |  54.3 |      29 |      45 |  60.8
      Orc:1 |    2558 |    1005 |  28.2 |      27 |       8 |  22.9
      Orc:2 |     168 |       0 |   0.0 |       3 |       0 |   0.0
    Ossuary |       0 |     396 | 100.0 |       0 |      36 | 100.0
      IceCv |       0 |    4291 | 100.0 |       0 |      19 | 100.0
   Gauntlet |       0 |    4565 | 100.0 |       0 |      12 | 100.0
            +---------+---------+-------+---------+---------+-------
